 Dungeon Crawl Stone Soup version 0.17.1-2-g5865329 (webtiles) character file.

91 seren the Digger (level 4, -4/24 HPs)
             Began as a Gargoyle Earth Elementalist on Jan 15, 2016.
             Slain by a gnoll
             ... wielding a +0 spear
              (10 damage)
             ... on level 2 of the Dungeon on Jan 16, 2016.
             The game lasted 00:37:26 (3193 turns).

seren the Digger (Gargoyle Earth Elementalist)      Turns: 3193, Time: 00:37:26

Health: -4/24      AC:  6    Str: 11    XL:     4   Next: 59%
Magic:  0/8        EV:  7    Int: 17    God:
Gold:   83         SH:  0    Dex: 10    Spells: 2 memorised, 5 levels left

rFire  . . .     SeeInvis .     m - +0 whip
rCold  . . .     Clarity  .     p - +0 robe
rNeg   + . .     SustAt   .     (no shield)
rPois  ∞         Gourm    .     (no helmet)
rElec  +         Spirit   .     (no cloak)
rCorr  .         Warding  .     i - +0 pair of gloves
rMut   .         Stasis   .     (no boots)
MR     .....                    (no amulet)
Stlth  ++........               (no ring)
                                (no ring)

@: not resistant to hostile enchantments, unstealthy
A: negative energy resistance 1, electricity resistance, unbreathing,
petrification resistance, rot immunity, AC +3
a: no special abilities


You were on level 2 of the Dungeon.
You were not hungry.

You visited 1 branch of the dungeon, and saw 2 of its levels.

You collected 83 gold pieces.

Inventory:

Hand Weapons
 g - a +0 club
 l - a +4 spear of distortion
 m - a +0 whip (weapon)
 n - a +2 dagger of electrocution
Missiles
 b - 82 stones (quivered)
 t - 17 poisoned needles
 u - 7 javelins of returning
Armour
 a - a +0 robe
 i - a +0 pair of gloves (worn)
 p - a +0 robe (worn)
Jewellery
 v - an uncursed ring of magical power {unknown}
Scrolls
 e - a scroll of teleportation
 j - a scroll of magic mapping {unknown}
 k - 2 scrolls of remove curse
 o - 2 scrolls of identify {unknown}
 q - a scroll of noise {unknown}
Potions
 f - 2 potions of flight {unknown}
 h - 2 potions of lignification {unknown}
 w - 3 potions of curing {unknown}
 z - a potion of degeneration {unknown}
Books
 c - a book of Geomancy

   Spells                             Type                      Level
   a - Sandblast                      Earth                        1
   b - Stoneskin                      Transmutation/Earth          2
   c - Passwall                       Transmutation/Earth          3
   d - Stone Arrow                    Conjuration/Earth            3
   e - Petrify                        Transmutation/Earth          4
   f - Lee's Rapid Deconstruction     Earth                        5
Comestibles
 d - 3 bread rations
 s - 2 meat rations
 x - 2 fruits


   Skills:
 - Level 1.5 Dodging
 - Level 2.1 Stealth
 * Level 3.2 Spellcasting
 + Level 1.2 Conjurations
   Level 0.7 Transmutations
 + Level 5.0 Earth Magic


You had 5 spell levels left.
You knew the following spells:

 Your Spells              Type           Power        Failure   Level  Hunger
a - Sandblast             Erth           ###...       2%          1    None
b - Stone Arrow           Conj/Erth      ##....       17%         3    ###....


Dungeon Overview and Level Annotations

Branches:
Dungeon (2/15)

Altars:

Annotations:
D:2 !giant worm


Innate Abilities, Weirdness & Mutations

You are resistant to torment.
Your stone body is resilient (AC +3).
You are immune to poison.
You resist negative energy.
You are resistant to electric shocks.
You can survive without breathing.
You are immune to petrification.
You are immune to rotting.


Message History

Press: ? - help, Shift-Dir - straight line, f/p - gnoll
Aim: a gnoll, wielding a spear and wearing a runed ring mail The blast of sand hits the gnoll.
The gnoll hits you but does no damage.
Casting: Sandblast
Confirm with . or Enter, or press ? or * to list all spells.
Aiming: Sandblast
Press: ? - help, Shift-Dir - straight line, f/p - gnoll
Aim: a gnoll, wielding a spear and wearing a runed ring mail The blast of sand hits the gnoll.
The gnoll hits you from afar with a spear!
* * * LOW HITPOINT WARNING * * *
Casting: Sandblast
Confirm with . or Enter, or press ? or * to list all spells.
Aiming: Sandblast
Press: ? - help, Shift-Dir - straight line, f/p - gnoll
Aim: a gnoll, wielding a spear and wearing a runed ring mail The blast of sand hits the gnoll.
The gnoll is heavily wounded.
The gnoll hits you from afar with a spear!
You die...

#..## .w...
#####...####.........#
#..........+.........+
#.###...#.##.w.......#
#.# #..##.# .......
#.###.###.# .....
#....g....# ...
#####)##### #+# #@#
#.# #.# #.# #.# ##.##
#.# ##...## #.#
#.....# #.# #....##
#.########..#.####
#.....÷.........÷.
##################


You could see a gnoll.

Vanquished Creatures
  An adder (D:2)
  3 gnolls
  An ooze (D:2)
  3 giant cockroaches (D:1)
  9 hobgoblins
  A quokka (D:2)
  5 bats
  A giant newt (D:2)
  12 goblins
  5 jackals (D:2)
  6 kobolds
  4 rats
51 creatures vanquished.

Notes
Turn   | Place    | Note
--------------------------------------------------------------
     0 | D:1      | seren the Gargoyle Earth Elementalist began the quest for the Orb.
     0 | D:1      | Reached XP level 1. HP: 10/10 MP: 3/3
   364 | D:1      | Reached skill level 4 in Earth Magic
   433 | D:1      | Reached XP level 2. HP: 15/15 MP: 3/5
  1643 | D:2      | Reached XP level 3. HP: 17/19 MP: 1/6
  1666 | D:2      | Learned a level 3 spell: Stone Arrow
  2606 | D:2      | Reached XP level 4. HP: 24/24 MP: 6/8
  3012 | D:1      | Reached skill level 1 in Conjurations
  3140 | D:2      | Reached skill level 5 in Earth Magic
  3193 | D:2      | Slain by a gnoll

Action                   |  1- 3 |  4- 6 || total
-------------------------+-------+-------++-------
Melee: Club              |    23 |       ||    23
       Whip              |     5 |     5 ||    10
 Cast: Sandblast         |    70 |    34 ||   104
  Use: Scroll            |     2 |       ||     2
  Eat: Chunk             |     4 |     2 ||     6
       Royal jelly       |     1 |       ||     1
